 Dungeon Crawl Stone Soup version 0.30.0-29-ga12c61a403 (webtiles) character file.

Game seed: 6874849620567212265

247 BONEBRO the Sneak (level 6, 0/49 HPs)
             Began as a Human Delver on June 22, 2023.
             Slain by a gnoll
             ... wielding a +0 flail
              (6 damage)
             ... on level 4 of the Dungeon.
             The game lasted 00:12:26 (3466 turns).

BONEBRO the Sneak (Human Delver)                    Turns: 3466, Time: 00:12:27

Health: 0/49       AC:  3    Str: 14    XL:     6   Next: 33%
Magic:  15/15      EV: 12    Int: 14    God:
Gold:   145        SH:  0    Dex: 13    Spells: 5/5 levels left

rFire   . . .        a - +0 spear
rCold   . . .        (no shield)
rNeg    . . .        b - +0 leather armour
rPois   .            (no helmet)
rElec   .            (no cloak)
rCorr   .            (no gloves)
SInv    .            (no boots)
Will    .....        m - amulet of the acrobat
Stlth   +++          r - ring of magical power
HPRegen 0.28/turn    (no ring)
MPRegen 0.14/turn

%: acrobat, clarity
@: no status effects
A: clarity, clever 1
a: no special abilities


You were on level 4 of the Dungeon.
You visited 1 branch of the dungeon, and saw 5 of its levels.

You collected 145 gold pieces.

Inventory:

Hand Weapons
 a - a +0 spear (weapon)
 t - a +0 halberd
Armour
 b - a +0 leather armour (worn)
Jewellery
 m - an amulet of the acrobat (around neck)
 r - a ring of magical power (left hand)
Wands
 g - a wand of digging (3)
 s - a wand of charming (14)
Scrolls
 c - 3 scrolls of fog
 d - a scroll of magic mapping
 f - a scroll of poison
 h - 3 scrolls of amnesia
 n - a scroll of enchant weapon
 o - a scroll of butterflies {unknown}
 p - a scroll of vulnerability {unknown}
Potions
 i - 2 potions of curing
 j - a potion of might {unknown}
 k - a potion of degeneration {unknown}
 l - 2 potions of ambrosia
 q - a potion of lignification {unknown}


   Skills:
 + Level 4.7 Fighting
 - Level 5.0 Polearms
 - Level 2.0 Dodging
 - Level 5.0 Stealth


You had 5 spell levels left.
You didn't know any spells.
Your spell library contained the following spells:

 Spells                   Type           Power      Damage    Failure   Level
 Apportation              Tloc           0%         N/A       36%         1
 Necrotise                Necr           0%         1d4       36%         1
 Summon Small Mammal      Summ           0%         N/A       36%         1
 Poisonous Vapours        Pois/Air       0%         N/A       50%         2
 Mephitic Cloud           Conj/Pois/Air  0%         N/A       73%         3
 Ozocubu's Armour         Ice            0%         N/A       73%         3
 Freezing Cloud           Conj/Ice/Air   0%         6-21      100%        5
 Metabolic Englaciation   Hex/Ice        0%         N/A       100%        5
 Simulacrum               Ice/Necr       0%         N/A       100%        6


Dungeon Overview and Level Annotations

Branches:
Dungeon (5/15)
 Temple: D:4-7

Altars:
Elyvilon
Qazlal


Innate Abilities, Weirdness & Mutations

You possess an exceptional clarity of mind.
Your mind is acute. (Int +4, Str/Dex -1)


Message History

You are too injured to fight recklessly!
You are too injured to fight recklessly!
You are too injured to fight recklessly!
Reach: a) +0 spear
Press: ? - help, Dir - move target, f/p - gnoll
Aim: a gnoll, wielding a +0 whip and quivering a throwing net (severely wounded, about 32% to evade your +0 spear)
The gnoll is in the way.
You hit the gnoll but do no damage.
The gnoll is heavily wounded.
The gnoll misses you.
Reach: a) +0 spear
Press: ? - help, Dir - move target, f/p - gnoll
Aim: a gnoll, wielding a +0 whip and quivering a throwing net (severely wounded, about 32% to evade your +0 spear)
You reach to attack!
You closely miss the gnoll.
The gnoll is severely wounded.
The gnoll closely misses you.
Reach: a) +0 spear
Press: ? - help, Dir - move target, f - gnoll, p - gnoll
Aim: a gnoll, wielding a +0 flail (heavily wounded, about 32% to evade your +0 spear)
You closely miss the gnoll.
The gnoll is heavily wounded.
The gnoll hits you with a +0 flail!
* * * LOW HITPOINT WARNING * * *
As you read the scroll of fear, it crumbles to dust.
You assume a fearsome visage.
The gnoll looks frightened! x2
You start resting.
A gnoll is nearby!
You hit the gnoll but do no damage.
The gnoll is moderately wounded.
The gnoll hits you with a +0 flail.
* * * LOW HITPOINT WARNING * * *
You hit the gnoll.
The gnoll is severely wounded.
The gnoll hits you with a +0 flail!
* * * LOW HITPOINT WARNING * * *
You closely miss the gnoll.
The gnoll is severely wounded.
You hit the gnoll.
The gnoll is severely wounded.
The gnoll hits you with a +0 flail.
You die...

######.#####.##..# #.g....#
.............##..###.###..#
######.#####.##......# ..#
#.# #.##.##.### ..#
#>#####.##)##.# ...
#.............# #.#
#######.##..#.#### #.#
###..
#....###...###.#......
####.@#g##...)).)g....
#.#g#######.#.#####
#.#...........#
#...........###
#############


You could see a gnoll.

Vanquished Creatures
  8 gnolls
  8 adders
  2 worms
  A dart slug (D:4)
  4 orcs
  6 ball pythons
  7 endoplasms
  3 giant cockroaches
  5 goblins
  4 hobgoblins
  8 jackals
  3 quokkas
  8 bats
  3 frilled lizards (D:2)
  9 kobolds
  9 rats
88 creatures vanquished.

Notes
Turn   | Place    | Note
-------+----------+-------------------------------------------
     0 | D:5      | BONEBRO the Human Delver began the quest for the Orb.
     0 | D:5      | Reached XP level 1. HP: 18/18 MP: 1/1
   193 | D:4      | Reached XP level 2. HP: 22/24 MP: 2/2
   336 | D:3      | Reached XP level 3. HP: 6/29 MP: 3/3
   955 | D:1      | Reached XP level 4. HP: 35/35 MP: 4/4
  1827 | D:2      | Gained mutation: Your mind is acute. (Int +4, Str/Dex -1)
                  | [potion of mutation]
  1827 | D:2      | Gained mutation: You possess an exceptional clarity of
                  | mind. [potion of mutation]
  1831 | D:2      | Reached XP level 5. HP: 38/41 MP: 5/5
  1849 | D:2      | Reached skill level 5 in Polearms
  2728 | D:3      | Found a white marble altar of Elyvilon.
  2753 | D:3      | Found a stormy altar of Qazlal.
  2967 | D:4      | Reached XP level 6. HP: 36/48 MP: 6/6
  3466 | D:4      | Slain by a gnoll

Illustrated notes

Levels and vault maps discovered:
D:1:      grunt_arrival_crossed_arrows, layout_basic
D:2:      wander_river, layout_basic, minmay_divided_ellipse
D:3:      layout_basic, mainiacjoe_overflow_two_lobes
D:4:      minmay_wonky_spiral, layout_loops_ring, grunt_ministairs_4,
          kennysheep_flooded_box, uniq_blork_the_orc
D:5:      layout_basic, nicolae_fountain_basement

Skill      XL: |  1  2  3  4  5 |
---------------+----------------+-----
Polearms       | 3 4 5 |  5.0
Fighting       | 4 |  4.7
Dodging        | |  2.0
Stealth        | |  5.0

Action                     |  1- 3 |  4- 6 || total
---------------------------+-------+-------++-------
  Melee: Spear             |   105 |   302 ||   407
         Punch             |     1 |     1 ||     2
    Use: Potion            |     1 |     4 ||     5
         Scroll            |       |     5 ||     5
   Stab: Sleeping          |     9 |    15 ||    24
         Distracted        |       |     2 ||     2
 Armour: Leather armour    |    25 |    29 ||    54
  Dodge: Dodged            |    72 |   146 ||   218
